 Dungeon Crawl Stone Soup version 0.25.1-8-g42b30a86e7 (webtiles) character file.

Game seed: 8289905435859671291

375 funkygono the Skirmisher (level 6, -7/53 HPs)
             Began as a Draconian Fighter on Dec 17, 2020.
             Killed by divine providence
             ... invoked by an orc priest
              (12 damage)
             ... on level 3 of the Dungeon.
             The game lasted 00:06:11 (2793 turns).

funkygono the Skirmisher (Draconian Fighter)        Turns: 2793, Time: 00:06:12

Health: -7/53      AC:  8    Str: 19      XL:     6   Next: 44%
Magic:  6/6        EV: 11    Int: 10      God:
Gold:   98         SH:  9    Dex:  8 (10) Spells: 5/5 levels left

rFire    . . .     SeeInvis .   e - +0 whip
rCold    . . .     Gourm    .   b - +0 kite shield
rNeg     . . .     Faith    .   (armour unavailable)
rPois    .         Spirit   .   (helmet restricted)
rElec    .         Reflect  .   k - +0 cloak
rCorr    .         Harm     .   i - +0 pair of gloves (curse)
MR       .....                  (no boots)
Stlth    +.........             f - amulet of inaccuracy (curse)
HPRegen  0.17/turn              (no ring)
MPRegen  0.10/turn              (no ring)

@: no status effects
A: unfitting armour, cold-blooded, AC +6
a: no special abilities


You were on level 3 of the Dungeon.
You were not hungry.

You visited 1 branch of the dungeon, and saw 3 of its levels.

You collected 98 gold pieces.

Inventory:

Hand Weapons
 a - a +0 flail
 e - a +0 whip (weapon)
Missiles
 g - 41 stones (quivered)
Armour
 b - a +0 kite shield (worn)
 i - a cursed +0 pair of gloves (worn)
 k - a +0 cloak (worn)
Jewellery
 f - a cursed amulet of inaccuracy (around neck)
Potions
 h - 2 potions of flight {unknown}
 l - a potion of lignification
 m - 2 potions of stabbing {unknown}
 n - a potion of heal wounds {unknown}
 o - 2 potions of curing
Comestibles
 c - 4 chunks of flesh
 d - 7 rations


   Skills:
 + Level 4.4 Fighting
 + Level 4.2 Maces & Flails
 + Level 4.1 Dodging
 + Level 4.4 Shields


You had 5 spell levels left.
You didn't know any spells.
Your spell library was empty.

Dungeon Overview and Level Annotations

Branches:
Dungeon (3/15)

Altars:


Innate Abilities, Weirdness & Mutations

Your plain brown scales are hard. (AC +6)
You cannot fit into any form of body armour.
You are cold-blooded and may be slowed by cold attacks.


Message History

The orc is heavily wounded.
The orc priest invokes the aid of Beogh against you.
Beogh smites you!
* * * LOW HITPOINT WARNING * * *
The orc hits you but does no damage.
You closely miss the orc.
The orc is heavily wounded.
The orc priest miscasts a cantrip.
A kobold comes into view. It is wielding a +0 club.
The orc hits you with a +0 whip.
* * * LOW HITPOINT WARNING * * *
You barely miss the orc.
The orc is heavily wounded.
An orc comes into view. It is wielding a +0 club.
You block the orc's attack.
You closely miss the orc.
The orc is heavily wounded.
The orc priest calls down the wrath of Beogh upon you.
Beogh smites you!
You die...

#...<)'..##.....
#..[..##.##..... .
#.....##.##..#.. $.
#.....##÷##..#.# ...
#.....##.....#.# ....
#.....##.....#.. .....
#...).##........
......######.....##.....###
.....Krloo@.#######.....#..
.####'o####..#### #.....#.#
≈≈≈.. ##....###........
#≈≈≈≈.. ####..######.#.#
≈≈≈≈≈o. ##.## #.#.# ≈≈≈≈≈.o
#..#####.#.# ≈≈≈≈≈.r
##.#...#.#.. ≈≈≈≈≈..
#.....#.### ##.........


You could see an orc priest, 2 orcs, a leopard gecko, a quokka and a kobold.

Vanquished Creatures
  Sigmund (D:2)
  A howler monkey (D:2)
  A quasit (D:2)
  Terence (D:2)
  3 adders
  2 oozes (D:1)
  3 worms
  A dart slug (D:2)
  2 leopard geckos (D:1)
  An orc (D:3)
  3 giant cockroaches
  10 goblins
  10 hobgoblins
  3 jackals (D:2)
  6 kobolds
  A quokka (D:2)
  9 bats
  3 frilled lizards
  A quokka zombie (D:2)
  15 rats
77 creatures vanquished.

Notes
Turn   | Place    | Note
-------+----------+-------------------------------------------
     0 | D:1      | funkygono the Draconian Fighter began the quest for the
                  | Orb.
     0 | D:1      | Reached XP level 1. HP: 19/19 MP: 1/1
   294 | D:1      | Reached XP level 2. HP: 23/26 MP: 2/2
   719 | D:1      | Reached XP level 3. HP: 33/33 MP: 3/3
  1153 | D:2      | Reached XP level 4. HP: 40/40 MP: 4/4
  1166 | D:2      | Noticed Sigmund
  1177 | D:2      | Noticed Terence
  1274 | D:2      | Killed Sigmund
  1274 | D:2      | Reached XP level 5. HP: 6/46 MP: 5/5
  1277 | D:2      | HP: 3/69 [Terence/+0 flail (3)]
  1278 | D:2      | Killed Terence
  1278 | D:2      | Reached XP level 6. HP: 4/53 MP: 6/6
  1627 | D:2      | Found a faded altar of an unknown god.
  2793 | D:3      | Killed from afar by an orc priest

Illustrated notes

Levels and vault maps discovered:
D:1:      lightli_arrival_noodles, layout_basic
D:2:      minmay_diamond_boxcup, layout_basic, chequers_ecumenical_altar_grove,
          st_stairs_5, uniq_terence, uniq_sigmund
D:3:      kennysheep_big_flooded_room, layout_basic, dancing_weapons_uskayaw

Skill      XL: |  1  2  3  4  5  6 |
---------------+-------------------+-----
Dodging        | 3 4 |  4.1
Fighting       | 4 |  4.4
Maces & Flails | 3 4 |  4.2
Shields        | 4 |  4.4

Action                   |  1- 3 |  4- 6 || total
-------------------------+-------+-------++-------
Melee: Flail             |   121 |    79 ||   200
       Tailslap          |    13 |    24 ||    37
       Whip              |       |   148 ||   148
  Use: Scroll            |     2 |     2 ||     4
       Potion            |       |     3 ||     3
 Stab: Sleeping          |     1 |       ||     1
  Eat: Chunk             |     1 |     6 ||     7
Armor: Skin              |    30 |   103 ||   133
Dodge: Dodged            |    54 |   105 ||   159
Block: Kite shield       |    58 |   145 ||   203
